 Dungeon Sprint DCSS version 0.24.1-14-gf8d2b509d9 (webtiles) character file.

Game seed: 12193145764018338698, levelgen mode: deterministic

6134372 Baz the Axe Maniac (level 24, 227/227 HPs)
             Began as a Formicid Fighter on Sept 26, 2020.
             Was the Champion of Okawaru.
             Escaped with the Orb
             ... and 3 runes!
             The game lasted 00:49:42 (10334 turns).

Baz the Axe Maniac (Formicid Fighter)              Turns: 10334, Time: 00:49:43

Health: 227/227    AC: 52    Str: 34    XL:     24   Next: 72%
Magic:  48/54      EV: 32    Int: 10    God:    Okawaru [******]
Gold:   430        SH: 32    Dex: 18    Spells: 77/77 levels left

rFire    + + .     SeeInvis +   q - +7 executioner's axe (freeze)
rCold    + . .     Gourm    .   S - +3 large shield {AC+3}
rNeg     . . .     Faith    .   I - +9 scales of the Dragon King {rPois rF+ rC+ MR+}
rPois    +         Spirit   .   (helmet unavailable)
rElec    +         Reflect  .   v - +4 cloak
rCorr    .         Harm     .   z - +1 pair of gloves {Str+3}
MR       +++++                  w - +2 pair of boots {Stlth+}
Stlth    ++........             F - amulet "Vutop" {rF+ MR+ Regen+ Dex+4}
HPRegen  0.87/turn              W - ring "Qelasuc" {EV+6 Str+3 Int+3}
MPRegen  0.34/turn              s - ring of Unnick {rElec MR+ Slay+5}

@: no status effects
A: permanent stasis, dig shafts and tunnels, four strong arms, antennae 3, dopey
1
0: Orb of Zot
}: 3/3 runes: silver, golden, iron
a: Dig, Heroism, Finesse, Renounce Religion


You escaped.
You worshipped Okawaru.
Okawaru was exalted by your worship.
You were hungry.

You visited 1 branch You collected 430 gold pieces.

Inventory:

Hand Weapons
 q - a +7 executioner's axe of freezing (weapon)
 M - the +8 Wrath of Trog {antimagic, *Rage}
   (Okawaru gifted it to you in the Dungeon)

   It reduces the magical energy of the wielder, and disrupts the spells and
   magical abilities of those hit.
   Natural abilities and divine invocations are not affected.
   It may make you go berserk in combat.
Missiles
 V - 7 silver javelins (quivered)
Armour
 v - a +4 cloak (worn)
 w - a +2 pair of boots of stealth (worn)
 z - a +1 pair of gloves of strength (worn)
 A - +10 gold dragon scales
 I - the +9 scales of the Dragon King (worn) {rPois rF+ rC+ MR+}
   (You found it in the Dungeon)

   It protects you from fire.
   It protects you from cold.
   It protects you from poison.
   It affects your resistance to hostile enchantments.
 Q - the +0 large shield "Moibb" {MP+9}
   (Okawaru gifted it to you in the Dungeon)

   It affects your magic capacity (+9).
 R - the +0 large shield "Leasesaff" {rElec Str+2 Int+3 Dex-2}
   (Okawaru gifted it to you in the Dungeon)

   It affects your strength (+2).
   It affects your intelligence (+3).
   It affects your dexterity (-2).
   It insulates you from electricity.
 S - a +3 large shield of protection (worn)
Jewellery
 b - the amulet "Wycic" {*Corrode +Blink +Rage rC+ MR+}
   (You found it in the Dungeon)

   [amulet of rage]

   It protects you from cold.
   It affects your resistance to hostile enchantments.
   It lets you blink.
   It lets you go berserk.
   It may corrode you when you take damage.
 c - the amulet "Vuytuenk" {Reflect rC+++ Dex+2 SH+2 SInv Stlth-}
   (You found it in the Dungeon)

   [amulet of reflection]

   It shields you and reflects attacks.
   It affects your dexterity (+2).
   It renders you almost immune to cold.
   It lets you see invisible.
   It affects your SH (+2).
   It makes you less stealthy.
 s - the ring of Unnick (right hand) {rElec MR+ Slay+5}
   (You found it in the Dungeon)

   [ring of slaying]

   It affects your accuracy and damage with ranged weapons and melee attacks
   (+5).
   It insulates you from electricity.
   It affects your resistance to hostile enchantments.
 t - the ring of Heceiw {rC+ rCorr Int+4}
   (You found it in the Dungeon)

   [ring of resist corrosion]

   It affects your intelligence (+4).
   It protects you from cold.
   It provides partial protection from all sources of acid and corrosion.
 u - the amulet of Eternity {Spirit rN+ MP+9 Slay+3 SInv}
   (You found it in the Dungeon)

   [amulet of guardian spirit]

   It causes incoming damage to be split between your health and magic.
   It affects your accuracy and damage with ranged weapons and melee attacks
   (+3).
   It protects you from negative energy.
   It affects your magic capacity (+9).
   It lets you see invisible.
 x - an uncursed amulet of guardian spirit
 E - an uncursed ring of magical power
 F - the amulet "Vutop" (around neck) {rF+ MR+ Regen+ Dex+4}
   (You found it in the Dungeon)

   [amulet of regeneration]

   It affects your dexterity (+4).
   It protects you from fire.
   It affects your resistance to hostile enchantments.
   It increases your rate of regeneration.
 O - the ring of Robustness {AC+8}
   (You found it in the Dungeon)

   [ring of protection]

   It affects your AC (+8).
 P - the ring of Bodily Harmony {rN++ MR+ Str+5 SInv}
   (You found it in the Dungeon)

   [ring of see invisible]

   It affects your strength (+5).
   It greatly protects you from negative energy.
   It affects your resistance to hostile enchantments.
   It lets you see invisible.
 W - the ring "Qelasuc" (left hand) {EV+6 Str+3 Int+3}
   (You found it in the Dungeon)

   [ring of evasion]

   It affects your evasion (+6).
   It affects your strength (+3).
   It affects your intelligence (+3).
Wands
 y - a wand of acid (7)
 G - a wand of polymorph (6)
 H - a wand of enslavement (7)
 K - a wand of paralysis (5)
 N - a wand of random effects (19)
Scrolls
 k - 6 scrolls of blinking
 m - 6 scrolls of remove curse
 n - 7 scrolls of amnesia
 o - a scroll of summoning
 p - 9 scrolls of identify
 B - 3 scrolls of fear
 C - 9 scrolls of enchant weapon
 D - 3 scrolls of fog
 U - a scroll of magic mapping
Potions
 a - 3 potions of agility
 e - 12 potions of curing
 g - 16 potions of heal wounds
 h - 9 potions of haste
 i - 3 potions of magic
 j - 9 potions of berserk rage
 l - 2 potions of invisibility
 r - a potion of resistance
 J - a potion of cancellation {unknown}
 L - 3 potions of brilliance
 T - 2 potions of might
Miscellaneous
 d - a lamp of fire
Comestibles
 f - 24 rations


   Skills:
 O Level 27 Fighting
 O Level 27 Axes
 O Level 27 Throwing
 O Level 27 Armour
 O Level 27 Dodging
 O Level 27 Stealth
 O Level 27 Shields
 O Level 27 Unarmed Combat
 O Level 27 Spellcasting
 O Level 27 Invocations
 O Level 27 Evocations


You had 77 spell levels left.
You didn't know any spells.
Your spell library was empty.

Dungeon Overview and Level Annotations

Branches:
Dungeon (1/1)

Altars:
Ashenzari
Cheibriados
Dithmenos
Elyvilon
Fedhas
Gozag
Hepliaklqana
Kikubaaqudgha
Makhleb
Nemelex Xobeh
Okawaru
Qazlal
Ru
Sif Muna
Trog
Uskayaw
Vehumet
Wu Jian
Xom
Yredelemnul
Zin
The Shining One
Beogh
Jiyva
Lugonu


Innate Abilities, Weirdness & Mutations

You cannot be hasted, slowed, berserked, paralysed or teleported.
You can dig through walls and to a lower floor.
Your four strong arms can wield two-handed weapons with a shield.
You have a pair of large antennae on your head. (SInv)
You are dopey. (Int -2)


Message History

You are feeling hungry.
You see here a +0 trident.
There is a huge open gate here.
You see here a +0 flail.
There is a huge open gate leading to the Armoury (Hard) here.
Your hands slow down.
A hell beast comes into view.
The hell beast croaks.
There is an open door to the Entrance Hall (Safe) here.
You block the hell beast's attack. x2; The hell beast completely misses you. x2
A Hell Sentinel comes into view.
You block the hell beast's attack. x2; The Hell Sentinel moves out of view.
You chop the hell beast into pieces!!! You freeze the hell beast.
The hell beast is almost dead.
The hell beast completely misses you. You block the hell beast's attack.
You cut the hell beast into ribbons!!! You freeze the hell beast.
You kill the hell beast!
Okawaru accepts your kill.
There is a staircase leading out of the dungeon here.
You have escaped!

##########.##................''..
#...........'................')..
#'#####)#####......#..#......##..
#.#...#)#..##................##..
#.#...#.#).#####1#####''#########
#)#...'.#))##.......##''##### ##
#.##'####))##.......##......# #.
#.#)††..#[.##.......##......# #
#.#.....#'###...@...###)().## ##
#.#........##.......# ##))## ###.
#.#........##.......###.)..###...
#'###########.......##......#....
#.......#..###########......'....
#..#.#..#)############......#....
#.##.##.#)#....#..[.###....###...
#.......#÷#....#..[[# ##''## ###.
#.##.##.#.)....'...)###....## ##


You could see a Hell Sentinel.

Vanquished Creatures
  Asmodeus (D)
  4 ancient liches (D)
  An orb of fire (D)
  Dispater (D)
  Mara (D)
  5 greater mummies (D)
  9 pandemonium lords (D)
  the Lernaean hydra (D)
  Boris (D)
  Frederick (D)
  Margery (D)
  Xtahua (D)
  A curse toe (D)
  A Killer Klown (D)
  6 golden dragons (D)
  Nikola (D)
  A pearl dragon (D)
  A profane servitor (D)
  3 Brimstone Fiends (D)
  5 electric golems (D)
  A Tzitzimitl (D)
  3 hellephants (D)
  3 Hell Sentinels (D)
  25 Orb Guardians (D)
  A tentacled monstrosity (D)
  4 titans (D)
  6 Ice Fiends (D)
  7 quicksilver dragons (D)
  4 deep elf master archers (D)
  3 deep elf blademasters (D)
  A sphinx (D)
  Frances (D)
  A death cob (D)
  A draconian monk (D)
  4 storm dragons (D)
  Donald (D)
  14 shadow dragons (D)
  2 nagarajas (D)
  An azure jelly (D)
  A draconian knight (D)
  2 fire giants (D)
  2 deep elf sorcerers (D)
  A draconian scorcher (D)
  3 frost giants (D)
  5 balrugs (D)
  2 draconian shifters (D)
  12 iron dragons (D)
  Louise (D)
  5 ghost moths (D)
  5 orc warlords (D)
  3 angels (D)
  A draconian stormcaller (D)
  3 draconian annihilators (D)
  4 cacodemons (D)
  3 ghouls (D)
  A spriggan defender (D)
  2 ophanim (D)
  A vampire knight (D)
  A war gargoyle (D)
  6 stone giants (D)
  A deep elf demonologist (D)
  2 green draconians (D)
  2 black draconians (D)
  2 dire elephants (D)
  2 purple draconians (D)
  2 lorocyprocas (D)
  4 deep elf annihilators (D)
  A white draconian (D)
  A red draconian (D)
  5 yellow draconians (D)
  4 blizzard demons (D)
  3 deep elf death magi (D)
  A death ooze (D)
  4 ettins (D)
  18 fire dragons (D)
  3 green deaths (D)
  3 deep elf high priests (D)
  2 yaktaur captains (D)
  3 naga warriors (D)
  3 vault guards (D)
  14 ice dragons (D)
  11 hydras (D)
  3 anacondas (D)
  2 merfolk avatars (D)
  6 ogre magi (D)
  A dancing weapon (D)
  A centaur warrior (D)
  A hell beast (D)
  10 two-headed ogres (D)
  2 death knights (D)
  An orc high priest (D)
  A deep troll shaman (D)
  4 vampire magi (D)
  3 spriggan berserkers (D)
  4 hell hogs (D)
  A spriggan (D)
  A sun demon (D)
  A deep elf knight (D)
  Nergalle (D)
  4 iron trolls (D)
  9 hell knights (D)
  11 deep trolls (D)
  A sea snake (D)
  A spriggan druid (D)
  4 sixfirhies (D)
  A wizard (D)
  A cherub (D)
  15 swamp dragons (D)
  5 lindwurms (D)
  7 necromancers (D)
  9 orc knights (D)
  3 deep elf magi (D)
  A wolf spider (D)
  An orc sorcerer (D)
  2 elephants (D)
  7 cyclopes (D)
  A guardian serpent (D)
  A rust devil (D)
  A moth of wrath (D)
  2 merfolk sirens (D)
  2 naga magi (D)
  2 smoke demons (D)
  2 orange demons (D)
  A gargoyle (D)
  3 eyes of devastation (D)
  A spiny frog (D)
  A molten gargoyle (D)
  6 hellions (D)
  A demonic crawler (D)
  A rime drake (D)
  4 ice devils (D)
  3 kobold demonologists (D)
  9 trolls (D)
  3 tormentors (D)
  9 yaktaurs (D)
  An efreet (D)
  2 wandering mushrooms (D)
  A freezing wraith (D)
  A merfolk (D)
  2 jumping spiders (D)
  A meliai (shapeshifter) (D)
  8 red devils (D)
  A hornet (shapeshifter) (D)
  A hornet (D)
  A slime creature (shapeshifter) (D)
  11 blink frogs (D)
  4 slime creatures (D)
  2 snapping turtles (D)
  An air elemental (D)
  A bog body (D)
  6 redbacks (D)
  A small abomination (D)
  A wyvern (shapeshifter) (D)
  A water elemental (D)
  A basilisk (D)
  3 neqoxecs (D)
  A chaos spawn (D)
  2 vampire mosquitoes (D)
  A hungry ghost (D)
  6 wargs (D)
  An acid dragon (D)
  2 floating eyes (D)
  7 orc warriors (D)
  3 necrophages (D)
  A sky beast (D)
  An eye of draining (D)
  10 ogres (D)
  A centaur (D)
  A wolf (D)
  A crocodile (D)
  3 big kobolds (D)
  A bullfrog (D)
  An earth elemental (D)
  2 scorpions (D)
  6 killer bees (D)
  A crimson imp (D)
  A jelly (D)
  A quasit (D)
  2 gnoll shamans (D)
  An orc wizard (D)
  Jessica (D)
  An iguana (D)
  An adder (D)
  9 gnolls (D)
  3 ufetubi (D)
  2 adder zombies (D)
  A leopard gecko (D)
  14 orcs (D)
  A bat zombie (D)
  2 giant cockroaches (D)
  A goblin (D)
  2 hobgoblins (D)
  3 jackals (D)
  2 bats (D)
  A bat simulacrum (D)
  A jackal zombie (D)
  10 kobolds (D)
  A leopard gecko zombie (D)
  A rat (D)
627 creatures vanquished.

Vanquished Creatures (others)
  An Orb Guardian (D)
  An Executioner (D)
  A fire dragon (D)
  A golden eye (D)
4 creatures vanquished.

Grand Total: 631 creatures vanquished

Notes
Turn   | Place    | Note
-------+----------+-------------------------------------------
     0 | D        | Baz the Formicid Fighter began the quest for the Orb.
     0 | D        | Reached XP level 1. HP: 18/18 MP: 1/1
    37 | D        | Found a glowing golden altar of the Shining One.
    37 | D        | Found a glowing silver altar of Zin.
    37 | D        | Found a basalt altar of Yredelemnul.
    37 | D        | Found a shimmering altar of Xom.
    37 | D        | Found an ornate altar of the Wu Jian Council.
    37 | D        | Found a bloodstained altar of Trog.
    37 | D        | Found a shimmering blue altar of Sif Muna.
    37 | D        | Found a sacrificial altar of Ru.
    37 | D        | Found a stormy altar of Qazlal.
    37 | D        | Found an iron altar of Okawaru.
    37 | D        | Found a sparkling altar of Nemelex Xobeh.
    37 | D        | Found a burning altar of Makhleb.
    37 | D        | Found a viscous altar of Jiyva.
    37 | D        | Found a hazy altar of Hepliaklqana.
    37 | D        | Found an opulent altar of Gozag.
    37 | D        | Found a blossoming altar of Fedhas.
    37 | D        | Found a white marble altar of Elyvilon.
    37 | D        | Found a shadowy altar of Dithmenos.
    37 | D        | Found a snail-covered altar of Cheibriados.
    38 | D        | Found a radiant altar of Vehumet.
    38 | D        | Found a corrupted altar of Lugonu.
    38 | D        | Found a roughly hewn altar of Beogh.
    39 | D        | Found a hide-covered altar of Uskayaw.
    39 | D        | Found an ancient bone altar of Kikubaaqudgha.
    39 | D        | Found a shattered altar of Ashenzari.
    46 | D        | Became a worshipper of Warmaster Okawaru
    59 | D        | Reached XP level 2. HP: 24/25 MP: 2/2
    73 | D        | Reached XP level 3. HP: 27/31 MP: 3/3
   192 | D        | Noticed a hungry ghost
   216 | D        | Killed a hungry ghost
   216 | D        | Reached * piety under Okawaru
   216 | D        | Reached XP level 4. HP: 38/40 MP: 4/4
   216 | D        | Reached XP level 5. HP: 44/46 MP: 5/5
   232 | D        | Noticed Jessica
   235 | D        | Noticed a necrophage
   242 | D        | Killed Jessica
   242 | D        | Reached skill level 1 in Invocations
   249 | D        | Killed a necrophage
   249 | D        | Reached XP level 6. HP: 51/53 MP: 5/8
   299 | D        | Noticed an ice devil
   329 | D        | Killed an ice devil
   329 | D        | Reached XP level 7. HP: 26/61 MP: 6/10
   514 | D        | Noticed a deep elf mage
   518 | D        | Reached skill level 5 in Invocations
   523 | D        | Reached ** piety under Okawaru
   530 | D        | Killed a deep elf mage
   530 | D        | Reached skill level 10 in Axes
   530 | D        | Reached XP level 8. HP: 70/70 MP: 9/13
   560 | D        | Noticed a lindwurm
   568 | D        | Killed a lindwurm
   568 | D        | Reached skill level 10 in Shields
   568 | D        | Reached XP level 9. HP: 55/77 MP: 6/14
   752 | D        | Noticed a kobold demonologist
   752 | D        | Noticed a kobold demonologist
   754 | D        | Noticed a hellwing
   758 | D        | Killed a kobold demonologist
   758 | D        | Reached *** piety under Okawaru
   766 | D        | Noticed an ice devil
   767 | D        | Noticed a hellwing
   778 | D        | Killed a kobold demonologist
   778 | D        | Reached skill level 10 in Fighting
   778 | D        | Reached skill level 10 in Armour
   883 | D        | Noticed a swamp dragon
   883 | D        | Noticed a slime creature
   883 | D        | Noticed a slime creature
   883 | D        | Noticed a slime creature
   883 | D        | Noticed a slime creature
   883 | D        | Noticed an elephant
   889 | D        | Killed a slime creature
   889 | D        | Reached **** piety under Okawaru
   890 | D        | Killed a swamp dragon
   890 | D        | Reached XP level 10. HP: 78/86 MP: 13/17
   902 | D        | Reached skill level 10 in Invocations
   911 | D        | Killed an elephant
   911 | D        | Reached ***** piety under Okawaru
   942 | D        | Noticed a lindwurm
   963 | D        | Killed a lindwurm
  1325 | D        | Noticed a kobold demonologist
  1333 | D        | Killed a kobold demonologist
  1369 | D        | Reached XP level 11. HP: 90/95 MP: 19/19
  1377 | D        | Received a gift from Okawaru
  1544 | D        | Noticed an orc high priest
  1554 | D        | Killed an orc high priest
  1567 | D        | Noticed a hell knight
  1567 | D        | Noticed a hell knight
  1567 | D        | Noticed a hell knight
  1567 | D        | Noticed a necromancer
  1567 | D        | Noticed a necromancer
  1567 | D        | Noticed a necromancer
  1574 | D        | Reached skill level 15 in Axes
  1575 | D        | Killed a hell knight
  1581 | D        | Killed a necromancer
  1581 | D        | Reached ****** piety under Okawaru
  1587 | D        | Received a gift from Okawaru
  1587 | D        | Killed a hell knight
  1590 | D        | Killed a necromancer
  1594 | D        | Killed a hell knight
  1594 | D        | Received a gift from Okawaru
  1600 | D        | Killed a necromancer
  1600 | D        | Reached XP level 12. HP: 45/105 MP: 17/21
  2226 | D        | Received a gift from Okawaru
  2227 | D        | Got a warped chain mail {god gift}
  2229 | D        | Identified the +6 chain mail of the Storm King {Dex+6}
                  | (Okawaru gifted it to you in the Dungeon)
  2275 | D        | Noticed a merfolk avatar
  2298 | D        | Killed a merfolk avatar
  2298 | D        | Reached skill level 15 in Shields
  2352 | D        | Noticed a sixfirhy
  2360 | D        | Killed a sixfirhy
  2467 | D        | Noticed an orc warlord
  2468 | D        | Noticed an orc warlord
  2508 | D        | Killed an orc warlord
  2512 | D        | Reached XP level 13. HP: 44/114 MP: 17/23
  2552 | D        | Killed an orc warlord
  2552 | D        | Reached skill level 15 in Fighting
  2578 | D        | Noticed a yaktaur captain
  2587 | D        | Noticed a yaktaur captain
  2590 | D        | Reached skill level 15 in Armour
  2594 | D        | Killed a yaktaur captain
  2594 | D        | Reached skill level 15 in Invocations
  2603 | D        | Killed a yaktaur captain
  2609 | D        | Received a gift from Okawaru
  2613 | D        | Noticed a naga warrior
  2634 | D        | Killed a naga warrior
  3176 | D        | Noticed a naga warrior
  3178 | D        | Noticed a vault guard
  3179 | D        | Noticed a naga warrior
  3182 | D        | Noticed a white draconian
  3182 | D        | Noticed a vault guard
  3182 | D        | Noticed a vault guard
  3187 | D        | Killed a vault guard
  3196 | D        | Killed a naga warrior
  3198 | D        | Killed a vault guard
  3198 | D        | Killed a naga warrior
  3201 | D        | Killed a vault guard
  3213 | D        | Killed a white draconian
  3213 | D        | Reached XP level 14. HP: 28/126 MP: 20/25
  3751 | D        | Noticed a purple draconian annihilator
  3763 | D        | Noticed a white draconian shifter
  3776 | D        | Killed a purple draconian annihilator
  3776 | D        | Received a gift from Okawaru
  3794 | D        | Killed a white draconian shifter
  3974 | D        | Noticed a green draconian
  3984 | D        | Killed a green draconian
  4083 | D        | Noticed a ghoul
  4092 | D        | Killed a ghoul
  4093 | D        | Noticed a ghoul
  4116 | D        | Killed a ghoul
  4125 | D        | Noticed a vampire knight
  4136 | D        | Killed a vampire knight
  4137 | D        | Noticed a ghost moth
  4147 | D        | Noticed a ghoul
  4160 | D        | Killed a ghoul
  4161 | D        | Killed a ghost moth
  4169 | D        | Noticed a black draconian
  4175 | D        | Killed a black draconian
  4201 | D        | Received a gift from Okawaru
  4207 | D        | Reached XP level 15. HP: 90/137 MP: 17/26
  4437 | D        | Noticed a nagaraja
  4437 | D        | Noticed a black draconian monk
  4475 | D        | Killed a nagaraja
  4581 | D        | Noticed a deep elf sorcerer
  4586 | D        | Killed a deep elf sorcerer
  4774 | D        | Received a gift from Okawaru
  4775 | D        | Found the +8 Wrath of Trog {antimagic, *Rage}
  4780 | D        | Noticed a purple draconian annihilator
  4800 | D        | Killed a purple draconian annihilator
  4813 | D        | Killed a black draconian monk
  4820 | D        | Received a gift from Okawaru
  5228 | D        | Got the ring of Yredelemnul's Pride {rPois rC+ MR+ Int-2}
  5230 | D        | Got the ring of Bodily Harmony {rN++ MR+ Str+5 SInv}
  5232 | D        | Got the ring of Descent {EV+6 Str+2}
  5234 | D        | Got the ring of Vorghitz {Fire *Contam Dex+3 Slay+5}
  5238 | D        | Got the ring "Karetaf" {rF- MR+ Str+4 Int+6}
  5244 | D        | Got the ring "Qelasuc" {EV+6 Str+3 Int+3}
  5246 | D        | Got the ring "Zugim" {Str+6 Dex+3}
  5248 | D        | Got the ring "Siocats" {Wiz +Inv Stlth+}
  5250 | D        | Got the ring "Zuhoag" {MR+ AC+6}
  5263 | D        | Got the ring "Luttyckefe" {*Corrode +Fly rF++ Dex+6 SInv}
  5275 | D        | Got the amulet "Ygigg" {rC- MR+ Regen+ Stlth+}
  5277 | D        | Got the amulet "Loquucw" {Faith rC++ MR+}
  5279 | D        | Got the amulet of Eternity {Spirit rN+ MP+9 Slay+3 SInv}
  5281 | D        | Got the amulet "Vutop" {rF+ MR+ Regen+ Dex+4}
  5311 | D        | Got the amulet "Wycic" {*Corrode +Blink +Rage rC+ MR+}
  5313 | D        | Got the amulet "Dovoxu" {Gourm rElec rN+ Int+2 Dex+3}
  5317 | D        | Got the amulet "Deimec" {Faith *Drain +Blink rElec rN++}
  5319 | D        | Got the amulet of Due Proportion {+Rage Int+4 Dex+5}
  5323 | D        | Got the ring of Unnick {rElec MR+ Slay+5}
  5327 | D        | Got the ring of Icratoreze {Wiz -Tele +Inv rF++ Str+3}
  5332 | D        | Got the amulet of Souceche {Faith -Tele rC+ Int+5}
  5335 | D        | Got the ring "Ecouts" {-Tele rF+ rN+ Str+5 Int+7}
  5339 | D        | Got the ring of Heceiw {rC+ rCorr Int+4}
  5447 | D        | Noticed Donald
  5447 | D        | Noticed Nergalle
  5453 | D        | Killed Nergalle
  5470 | D        | Killed Donald
  5525 | D        | Noticed a fire giant
  5525 | D        | Noticed Frances
  5525 | D        | Noticed a deep elf master archer
  5539 | D        | Noticed a balrug
  5541 | D        | Killed a fire giant
  5542 | D        | Reached XP level 16. HP: 146/150 MP: 3/27
  5549 | D        | Killed Frances
  5566 | D        | Killed a deep elf master archer
  5570 | D        | Received a gift from Okawaru
  5638 | D        | Noticed a deep elf blademaster
  5638 | D        | Noticed Louise
  5641 | D        | Noticed a deep elf master archer
  5649 | D        | Received a gift from Okawaru
  5658 | D        | Killed a deep elf blademaster
  5664 | D        | Killed a deep elf master archer
  5675 | D        | Killed Louise
  5806 | D        | Reached skill level 1 in Dodging
  5810 | D        | Reached skill level 27 in Axes
  5827 | D        | Reached XP level 17. HP: 154/160 MP: 9/28
  6012 | D        | Identified the +4 staff of Dispater
  6012 | D        | Noticed Dispater
  6032 | D        | Noticed a shadow dragon
  6042 | D        | Noticed a hellephant
  6044 | D        | Killed Dispater
  6044 | D        | Received a gift from Okawaru
  6052 | D        | Killed a shadow dragon
  6054 | D        | Killed a hellephant
  6071 | D        | Noticed a titan
  6071 | D        | Noticed a death cob
  6073 | D        | Killed a death cob
  6078 | D        | Killed a titan
  6104 | D        | Noticed a deep elf master archer
  6104 | D        | Noticed a curse toe
  6107 | D        | Killed a deep elf master archer
  6111 | D        | Killed a curse toe
  6111 | D        | Reached skill level 10 in Dodging
  6235 | D        | Noticed a hellephant
  6235 | D        | Noticed a deep elf blademaster
  6245 | D        | Killed a deep elf blademaster
  6245 | D        | Received a gift from Okawaru
  6256 | D        | Noticed a sphinx
  6256 | D        | Noticed a shadow dragon
  6272 | D        | Killed a sphinx
  6281 | D        | Killed a shadow dragon
  6287 | D        | Killed a hellephant
  6287 | D        | Reached XP level 18. HP: 115/175 MP: 5/29
  6390 | D        | Got the ring of Waoraste {*Slow +Fly Str+3 Slay-3}
  6393 | D        | Got the ring "Zacoobux" {-Tele EV+6 Str+5}
  6397 | D        | Got the amulet "Arayx" {Spirit Str+2}
  6400 | D        | Got the ring "Wentaleota" {Str+5 Int+4 Dex-5 Stlth+}
  6403 | D        | Got the amulet "Hyxtos" {Reflect rC- Int+9 SH+3 SInv}
  6406 | D        | Got the ring "Bongaixoch" {+Fly rN++ MR- Int+3}
  6409 | D        | Got the ring "Xiacawn" {+Fly MR+}
  6412 | D        | Got the ring of Wu Jian's Hatred {MR+ Str+5 Dex+4}
  6429 | D        | Received a gift from Okawaru
  6438 | D        | Noticed Ocoaz the pandemonium lord
  6456 | D        | Killed Ocoaz the pandemonium lord
  6545 | D        | Noticed a Killer Klown
  6545 | D        | Noticed Frederick
  6554 | D        | Killed Frederick
  6559 | D        | Killed a Killer Klown
  6564 | D        | Noticed a titan
  6568 | D        | Killed a titan
  6627 | D        | Received a gift from Okawaru
  6776 | D        | Noticed a quicksilver dragon
  6785 | D        | Killed a quicksilver dragon
  6785 | D        | Noticed a tentacled monstrosity
  6791 | D        | Killed a tentacled monstrosity
  6800 | D        | Noticed Nikola
  6802 | D        | Noticed Fuitsein the pandemonium lord
  6815 | D        | Killed Fuitsein the pandemonium lord
  6815 | D        | Received a gift from Okawaru
  6815 | D        | Reached skill level 15 in Dodging
  6815 | D        | Killed Nikola
  7011 | D        | Noticed a titan
  7012 | D        | Found the +6 Majin-Bo {vamp, Archmagi MP+6 Int+6}
  7014 | D        | Reached skill level 27 in Shields
  7017 | D        | Found the ring of Robustness {AC+8}
  7019 | D        | Reached XP level 19. HP: 187/187 MP: 25/32
  7030 | D        | Reached skill level 27 in Fighting
  7030 | D        | Reached skill level 27 in Armour
  7038 | D        | Killed a titan
  7038 | D        | Received a gift from Okawaru
  7068 | D        | Got a silver rune of Zot
  7252 | D        | Noticed Beot Vio the pandemonium lord
  7267 | D        | Killed Beot Vio the pandemonium lord
  7274 | D        | Noticed a Brimstone Fiend
  7277 | D        | Killed a Brimstone Fiend
  7288 | D        | Noticed an electric golem
  7288 | D        | Noticed a profane servitor
  7303 | D        | Killed a profane servitor
  7307 | D        | Killed an electric golem
  7310 | D        | Noticed an electric golem
  7316 | D        | Killed an electric golem
  7332 | D        | Noticed an Ice Fiend
  7338 | D        | Killed an Ice Fiend
  7338 | D        | Received a gift from Okawaru
  7388 | D        | Reached XP level 20. HP: 197/197 MP: 37/37
  7439 | D        | Noticed Tyekhiuwn the pandemonium lord
  7446 | D        | Killed Tyekhiuwn the pandemonium lord
  7446 | D        | Reached skill level 27 in Invocations
  7454 | D        | Noticed an Ice Fiend
  7459 | D        | Killed an Ice Fiend
  7461 | D        | Noticed a greater mummy
  7467 | D        | Killed a greater mummy
  7474 | D        | Noticed Xtahua
  7480 | D        | Killed Xtahua
  7482 | D        | Noticed a Brimstone Fiend
  7487 | D        | Killed a Brimstone Fiend
  7641 | D        | Received a gift from Okawaru
  7647 | D        | Noticed a greater mummy
  7656 | D        | Killed a greater mummy
  7675 | D        | Noticed a Hell Sentinel
  7688 | D        | Killed a Hell Sentinel
  7701 | D        | Reached skill level 10 in Evocations
  7723 | D        | Noticed an electric golem
  7732 | D        | Killed an electric golem
  7836 | D        | Noticed an ancient lich
  7842 | D        | Killed an ancient lich
  7842 | D        | Received a gift from Okawaru
  7843 | D        | Got a faintly glowing large shield {god gift}
  7844 | D        | Identified the +0 large shield "Moibb" {MP+9} (Okawaru
                  | gifted it to you in the Dungeon)
  7854 | D        | Reached skill level 27 in Dodging
  7854 | D        | Reached skill level 15 in Evocations
  7966 | D        | Noticed Qeopipsa the pandemonium lord
  7966 | D        | Noticed an Ice Fiend
  7970 | D        | Noticed an ancient lich
  7978 | D        | Killed Qeopipsa the pandemonium lord
  7978 | D        | Reached XP level 21. HP: 55/204 MP: 33/38
  7980 | D        | Killed an ancient lich
  8167 | D        | Noticed Zonkece the pandemonium lord
  8189 | D        | Killed Zonkece the pandemonium lord
  8202 | D        | Found the +27 Lear's hauberk
  8219 | D        | Noticed a greater mummy
  8229 | D        | Killed a greater mummy
  8229 | D        | Received a gift from Okawaru
  8230 | D        | Got a jewelled large shield {god gift}
  8231 | D        | Identified the +0 large shield "Leasesaff" {rElec Str+2
                  | Int+3 Dex-2} (Okawaru gifted it to you in the Dungeon)
  8236 | D        | Noticed an ancient lich
  8237 | D        | Noticed a Tzitzimitl
  8250 | D        | Killed an ancient lich
  8270 | D        | Got an iron rune of Zot
  8599 | D        | Noticed a golden dragon
  8615 | D        | Noticed a golden dragon
  8615 | D        | Noticed a golden dragon
  8615 | D        | Noticed a golden dragon
  8615 | D        | Noticed a golden dragon
  8616 | D        | Found the +9 scales of the Dragon King {rPois rF+ rC+ MR+}
  8616 | D        | Found the +8 storm bow {elec, penet}
  8622 | D        | Reached skill level 27 in Evocations
  8622 | D        | Reached skill level 1 in Throwing
  8622 | D        | Reached skill level 1 in Unarmed Combat
  8622 | D        | Reached skill level 1 in Spellcasting
  8627 | D        | Reached skill level 5 in Stealth
  8632 | D        | Reached skill level 5 in Throwing
  8632 | D        | Reached skill level 5 in Unarmed Combat
  8632 | D        | Reached skill level 5 in Spellcasting
  8637 | D        | Killed a golden dragon
  8642 | D        | Reached skill level 10 in Stealth
  8648 | D        | Noticed a golden dragon
  8654 | D        | Killed a golden dragon
  8655 | D        | Reached skill level 10 in Throwing
  8655 | D        | Reached skill level 10 in Unarmed Combat
  8655 | D        | Reached skill level 10 in Spellcasting
  8656 | D        | Killed a golden dragon
  8656 | D        | Received a gift from Okawaru
  8657 | D        | Reached XP level 22. HP: 156/212 MP: 13/39
  8663 | D        | Killed a golden dragon
  8663 | D        | Reached skill level 15 in Stealth
  8667 | D        | Killed a golden dragon
  8675 | D        | Received a gift from Okawaru
  8689 | D        | Reached skill level 15 in Spellcasting
  8690 | D        | Reached skill level 15 in Throwing
  8690 | D        | Reached skill level 15 in Unarmed Combat
  8701 | D        | Killed a golden dragon
  8737 | D        | Got the amulet "Vuytuenk" {Reflect rC+++ Dex+2 SH+2 SInv
                  | Stlth-}
  8741 | D        | Got the ring of Suspicion {rElec Dex-2 SInv Stlth+}
  8763 | D        | Got a golden rune of Zot
  8964 | D        | Received a gift from Okawaru
  9023 | D        | Noticed the 27-headed Lernaean hydra
  9036 | D        | Killed the 26-headed Lernaean hydra
  9036 | D        | Received a gift from Okawaru
  9047 | D        | Reached XP level 23. HP: 156/219 MP: 9/45
  9188 | D        | Noticed Pekkar the pandemonium lord
  9195 | D        | Noticed an orb of fire
  9204 | D        | Noticed an ancient lich
  9206 | D        | Killed an orb of fire
  9211 | D        | Killed an ancient lich
  9211 | D        | Received a gift from Okawaru
  9212 | D        | Found the +7 Kryia's mail coat {PotionHeal*2 rC+}
  9245 | D        | Killed Pekkar the pandemonium lord
  9364 | D        | Noticed Margery
  9372 | D        | Killed Margery
  9450 | D        | Noticed Boris
  9452 | D        | Noticed a greater mummy
  9585 | D        | Reached skill level 27 in Stealth
  9644 | D        | Gained mutation: You are dopey. (Int -2) [a cacodemon]
  9653 | D        | Received a gift from Okawaru
  9662 | D        | Identified the +7 sceptre of Asmodeus
  9662 | D        | Noticed Asmodeus
  9667 | D        | Killed a greater mummy
  9674 | D        | Reached XP level 24. HP: 146/227 MP: 16/50
  9674 | D        | Noticed Mara
  9687 | D        | Killed Boris
  9703 | D        | Killed Asmodeus
  9708 | D        | Killed Mara
  9730 | D        | Noticed a greater mummy
  9917 | D        | Killed a greater mummy
 10048 | D        | Noticed Ydaoc the pandemonium lord
 10071 | D        | Killed Ydaoc the pandemonium lord
 10071 | D        | Received a gift from Okawaru
 10177 | D        | Got the Orb of Zot
 10229 | D        | Noticed Ituwock the pandemonium lord
 10267 | D        | Killed Ituwock the pandemonium lord
 10267 | D        | Reached skill level 27 in Throwing
 10267 | D        | Reached skill level 27 in Unarmed Combat
 10267 | D        | Reached skill level 27 in Spellcasting
 10334 | D        | Escaped with the Orb!

Levels and vault maps discovered:
D:        pitsprint [storerooms_1, entrance_room_1, metal_vault_2, armoury_2,
          mini_pit_1, grid_room_1, main_hall_1, silver_pit, the_coven_3,
          the_vestibule_1, steel_vault_2, golden_pit, hallway_of_sentries,
          crystal_vault_1, iron_vault_2, final_vault]

Skill      XL: |  1  2  3  4  5  6  7  8  9 10 11 12 13 14 15 16 17 18 19 20 21 22 23 24 |
---------------+-------------------------------------------------------------------------+-----
Shields        | 4 6 7 8 9 10 11 12 14 15 17 19 22 24 27 | 27.0
Axes           | 3 4 6 8 9 10 11 13 14 16 18 20 22 24 27 | 27.0
Fighting       | 4 6 7 8 9 10 11 13 14 16 18 20 22 24 26 27 | 27.0
Armour         | 4 6 7 8 9 10 11 13 14 16 18 20 22 24 26 27 | 27.0
Invocations    | 3 4 6 7 9 11 12 14 15 19 26 27 | 27.0
Dodging        | 3 11 15 21 27 | 27.0
Evocations     | 19 27 | 27.0
Throwing       | 11 18 23 27 | 27.0
Stealth        | 14 23 27 | 27.0
Unarmed Combat | 11 18 23 27 | 27.0
Spellcasting   | 11 18 23 27 | 27.0

Action                   |  1- 3 |  4- 6 |  7- 9 | 10-12 | 13-15 | 16-18 | 19-21 | 22-24 || total
-------------------------+-------+-------+-------+-------+-------+-------+-------+-------++-------
Melee: War axe           |    21 |       |       |       |       |       |       |       ||    21
       Hand axe          |    16 |    36 |    30 |       |       |       |       |       ||    82
       Broad axe         |       |       |    27 |   218 |   152 |       |       |       ||   397
       Battleaxe         |       |       |       |       |   250 |   262 |    60 |   114 ||   686
       Executioner's axe |       |       |       |       |       |    47 |   276 |   248 ||   571
Throw: Javelin           |       |       |       |       |       |       |       |     7 ||     7
Invok: Heroism           |       |     2 |     5 |     8 |    10 |     8 |     2 |       ||    35
       Finesse           |       |       |       |     2 |     7 |     6 |     6 |     6 ||    27
  Use: Potion            |       |     2 |     3 |     2 |     5 |     3 |       |    13 ||    28
       Scroll            |       |       |       |     1 |       |       |     2 |       ||     3
 Stab: Invisible         |       |     4 |       |       |       |       |       |       ||     4
       Distracted        |       |       |       |       |     1 |       |       |     1 ||     2
  Eat: Chunk             |       |     1 |     1 |     6 |     5 |     2 |     1 |       ||    16
       Ration            |       |       |       |       |     2 |     1 |     1 |     1 ||     5
Armor: Scale mail        |    15 |     7 |     3 |       |       |       |       |       ||    25
       Plate armour      |       |       |    52 |    47 |       |       |       |       ||    99
       Chain mail        |       |       |       |     2 |    14 |       |       |       ||    16
       Gold dragon scale |       |       |       |       |    98 |    67 |    58 |    79 ||   302
Dodge: Dodged            |    16 |     5 |    26 |    48 |    57 |    70 |   115 |   146 ||   483
Block: Shield            |    26 |    15 |    31 |   110 |   161 |       |       |       ||   343
       Large shield      |       |       |       |       |    33 |   262 |   278 |   321 ||   894
